[Event "ICC tourney 2412 (45 10)"]
[Site "Internet Chess Club"]
[Date "2021.02.27"]
[Round "1"]
[White "MCDONALD, GABRIEL:Grinch81"]
[Black "PRIYADARSHI, VED:ved2006"]
[Result "1/2-1/2"]
[ICCResult "Game drawn by mutual agreement"]
[WhiteElo "1961"]
[BlackElo "1695"]
[Opening "QGD Slav: exchange variation, 6.Bf4 Bf5"]
[ECO "D14"]
[NIC "SL.03"]
[Time "11:03:23"]
[PlyCount "60"]
[TimeControl "2700+10"]

1. d4 d5 2. c4 c6 3. Nc3 Nf6 4. Nf3 Bf5 5. cxd5 cxd5 6. Bf4 Nc6 7. e3 e6 8.
Bb5 a6 9. Bxc6+ bxc6 10. Qa4 Qb6 11. O-O Be7 12. a3 O-O 13. b4 h6 14. Rfc1
Rfc8 15. h3 a5 16. b5 c5 17. Ne5 Bf8 18. Nc6 Bd3 19. dxc5 Bxc5 20. Nd4 Bxd4
21. Qxd4 Qxd4 22. exd4 Nd7 23. Bd6 a4 24. Ra2 Bc4 25. Rb2 Bb3 26. Ne2 Nb6
27. Rbb1 Nc4 28. Bc5 Nd2 29. Rb2 Nc4 30. Rbb1 Nd2 { Game drawn by mutual
agreement } 1/2-1/2

[Event "ICC tourney 2412 (45 10)"]
[Site "Internet Chess Club"]
[Date "2021.02.27"]
[Round "1"]
[White "GARG, ADVIK:aachess4321"]
[Black "Clifford, James:JacJac06"]
[Result "1-0"]
[ICCResult "Black checkmated"]
[WhiteElo "1289"]
[BlackElo "1709"]
[Opening "Sicilian: Taimanov variation"]
[ECO "B45"]
[NIC "SI.39"]
[Time "11:03:02"]
[PlyCount "139"]
[TimeControl "2700+10"]

1. e4 c5 2. Nf3 e6 3. d4 cxd4 4. Nxd4 Nc6 5. Nc3 Bc5 6. Be3 Nxd4 7. Bxd4
Bxd4 8. Qxd4 Nf6 9. e5 Ng8 10. Qd6 Qe7 11. Nb5 Qxd6 12. Nxd6+ Ke7 13. O-O-O
f6 14. f4 Nh6 15. h3 Nf7 16. Nxf7 Kxf7 17. g4 Ke7 18. h4 b6 19. Bg2 Rb8 20.
g5 f5 21. h5 Bb7 22. Bxb7 Rxb7 23. h6 g6 24. Rh3 Rc7 25. Rd4 Rhc8 26. c3
Rc4 27. Rhd3 Rxd4 28. Rxd4 b5 29. Kc2 Rc4 30. Kb3 Rc6 31. c4 bxc4+ 32. Rxc4
Rb6+ 33. Kc3 Rb7 34. Rd4 a5 35. a3 Rb6 36. b3 Rc6+ 37. Rc4 Rb6 38. Rc5 Kd8
39. Rxa5 Rc6+ 40. Kd4 Rc1 41. Ra8+ Kc7 42. Rh8 Rd1+ 43. Ke3 Re1+ 44. Kf2
Re4 45. Kf3 d6 46. Rxh7+ Kc6 47. exd6 Kxd6 48. Ra7 e5 49. fxe5+ Rxe5 50. h7
Re8 51. Rg7 Rh8 52. Rxg6+ Ke7 53. Rg7+ Ke6 54. g6 Rb8 55. b4 Ra8 56. a4 Rc8
57. Rg8 Rc3+ 58. Ke2 Rc2+ 59. Kd3 Rh2 60. h8=Q Rxh8 61. Rxh8 Kf6 62. Rg8 f4
63. b5 f3 64. Ke3 f2 65. Kxf2 Ke6 66. b6 Kf6 67. b7 Kg5 68. b8=Q Kh6 69.
Qg3 Kh5 70. Rh8# { Black checkmated } 1-0

[Event "ICC tourney 2412 (45 10)"]
[Site "Internet Chess Club"]
[Date "2021.02.27"]
[Round "1"]
[White "LEVINE, OWEN:Superowen"]
[Black "OPASKA, MICHAEL:mopaska1106"]
[Result "0-1"]
[ICCResult "White checkmated"]
[WhiteElo "1692"]
[BlackElo "1956"]
[Opening "Sicilian: Pelikan, Chelyabinsk variation"]
[ECO "B32"]
[NIC "SI.37"]
[Time "11:03:54"]
[PlyCount "72"]
[TimeControl "2700+10"]

1. e4 c5 2. Nf3 Nc6 3. d4 cxd4 4. Nxd4 e5 5. Nb5 d6 6. N1c3 Nf6 7. Bg5 a6
8. Na3 b5 9. Nd5 Be7 10. Bxf6 Bxf6 11. c3 O-O 12. Nc2 Bg5 13. Nce3 Be6 14.
Be2 Ne7 15. O-O Bxe3 16. Nxe3 d5 17. exd5 Nxd5 18. Nxd5 Bxd5 19. Bf3 e4 20.
Be2 Qg5 21. f4 Qd8 22. a4 Qb6+ 23. Kh1 Rad8 24. Qc2 f5 25. axb5 axb5 26.
Rfd1 Qe6 27. Qd2 e3 28. Qd4 Bxg2+ 29. Kxg2 Rxd4 30. Rxd4 Qb3 31. Rb4 Qd5+
32. Kg1 Rf6 33. Bxb5 Rg6+ 34. Kf1 Qf3+ 35. Ke1 Rg1+ 36. Bf1 Rxf1# { White
checkmated } 0-1

[Event "ICC tourney 2412 (45 10)"]
[Site "Internet Chess Club"]
[Date "2021.02.27"]
[Round "1"]
[White "BHEEMAIAH, AYUSH:Ayushb"]
[Black "CHERUKURI, DEVESH:Deveshc"]
[Result "1-0"]
[ICCResult "Black checkmated"]
[WhiteElo "1769"]
[BlackElo "1532"]
[Opening "Sicilian: Boleslavsky variation, 7.Nb3"]
[ECO "B59"]
[NIC "SI.25"]
[Time "11:03:09"]
[PlyCount "83"]
[TimeControl "2700+10"]

1. e4 c5 2. Nf3 Nc6 3. d4 cxd4 4. Nxd4 Nf6 5. Nc3 d6 6. Be2 e5 7. Nb3 a6 8.
a4 Be6 9. Be3 Rc8 10. Bf3 Be7 11. O-O O-O 12. Nd5 Bxd5 13. exd5 e4 14. dxc6
exf3 15. Qxf3 bxc6 16. Rad1 Qc7 17. Rfe1 Nd5 18. Bd4 Bf6 19. Bxf6 Nxf6 20.
Nd4 d5 21. Nf5 Rfe8 22. Re3 Rxe3 23. Qxe3 Ng4 24. Qh3 Nf6 25. Ne7+ Qxe7 26.
Qxc8+ Qe8 27. Qxe8+ Nxe8 28. Rd3 a5 29. Rc3 Kf8 30. Rxc6 Ke7 31. Ra6 Nd6
32. Rxa5 Ke6 33. Ra6 Ke7 34. b4 Nc4 35. b5 Nd6 36. b6 Kf6 37. b7 Ke5 38.
b8=Q Ke6 39. Qxd6+ Kf5 40. Qxd5+ Kf4 41. Ra5 Kg4 42. Qg5# { Black
checkmated } 1-0

[Event "ICC tourney 2412 (45 10)"]
[Site "Internet Chess Club"]
[Date "2021.02.27"]
[Round "1"]
[White "BOYINEPALLY, KIRAN:BoyinK-99"]
[Black "VATS, ATIKSH:avats"]
[Result "0-1"]
[ICCResult "White resigns"]
[WhiteElo "1779"]
[BlackElo "1577"]
[Opening "QGD semi-Slav: 5.e3"]
[ECO "D45"]
[NIC "SL.08"]
[Time "11:03:07"]
[PlyCount "70"]
[TimeControl "2700+10"]

1. d4 Nf6 2. c4 e6 3. Nf3 d5 4. Nc3 c6 5. e3 Be7 6. Bd3 O-O 7. O-O Re8 8.
Bd2 Nbd7 9. Rc1 Bd6 10. h3 dxc4 11. Bxc4 e5 12. Qb3 Qe7 13. d5 cxd5 14.
Nxd5 Nxd5 15. Bxd5 Nb6 16. e4 Be6 17. Be3 Nxd5 18. exd5 Bf5 19. Rc3 a6 20.
Bb6 Rec8 21. Rfc1 Rxc3 22. Qxc3 h6 23. a3 Rc8 24. Qe3 Rxc1+ 25. Qxc1 e4 26.
Nd4 Qe5 27. Qc4 e3 28. Ne2 Qh2+ 29. Kf1 Qh1+ 30. Ng1 Bh2 31. Bxe3 Qxg1+ 32.
Ke2 Qxg2 33. Qb4 Qxd5 34. Qe7 Be4 35. Qh4 Bf3+ { White resigns } 0-1

[Event "ICC tourney 2412 (45 10)"]
[Site "Internet Chess Club"]
[Date "2021.02.27"]
[Round "1"]
[White "RODENSTEIN, ALAN:arconsul2"]
[Black "PU, LANDON:landonp"]
[Result "1-0"]
[ICCResult "Black resigns"]
[WhiteElo "1726"]
[BlackElo "1524"]
[Opening "Queen's pawn: London system"]
[ECO "A45"]
[NIC "QP.07"]
[Time "11:03:06"]
[PlyCount "57"]
[TimeControl "2700+10"]

1. d4 Nf6 2. Bf4 g6 3. Nc3 d5 4. e3 Bg7 5. h4 O-O 6. h5 Nxh5 7. Rxh5 gxh5
8. Qxh5 e6 9. Bd3 f5 10. Nf3 Qf6 11. O-O-O Qg6 12. Qh2 Nd7 13. g4 Nf6 14.
Ne5 Qe8 15. Rh1 h5 16. gxh5 Ng4 17. Nxg4 fxg4 18. h6 Bf6 19. h7+ Kf7 20.
Qh5+ Ke7 21. Bg6 Qd8 22. Bg5 Bd7 23. Bxf6+ Kxf6 24. Bd3 Rh8 25. Qxg4 Ke7
26. Qg7+ Kd6 27. Qe5+ Ke7 28. Nxd5+ Ke8 29. Qxh8+ { Black resigns } 1-0

[Event "ICC tourney 2412 (45 10)"]
[Site "Internet Chess Club"]
[Date "2021.02.27"]
[Round "1"]
[White "SANE, ADWAY:adwaysane"]
[Black "Thomas, Mitchell:byumitchell"]
[Result "1-0"]
[ICCResult "Black resigns"]
[WhiteElo "1716"]
[BlackElo "1409"]
[Opening "Queen's pawn: London system"]
[ECO "A45"]
[NIC "QP.07"]
[Time "11:02:59"]
[PlyCount "75"]
[TimeControl "2700+10"]

1. d4 Nf6 2. Bf4 d5 3. e3 Bf5 4. c3 e6 5. Nf3 a6 6. Nbd2 Be7 7. Qb3 b5 8.
a4 Nbd7 9. Be2 O-O 10. Nh4 Nb6 11. Nxf5 exf5 12. axb5 a5 13. O-O a4 14. Qc2
Ne4 15. Nxe4 fxe4 16. c4 dxc4 17. Bxc4 Nxc4 18. Qxc4 Bd6 19. Bxd6 cxd6 20.
Rxa4 Rc8 21. Qb3 d5 22. b6 Rc4 23. Rxc4 dxc4 24. Qxc4 Qxb6 25. b4 h6 26.
Ra1 Qb7 27. d5 Rc8 28. Qxe4 Qc7 29. g3 Qc3 30. Qd4 Qc2 31. d6 Qf5 32. d7
Rd8 33. Rd1 g6 34. Qc4 Kg7 35. Qc7 Qf3 36. Qe5+ Kh7 37. Qd5 Kg7 38. Qxf3 {
Black resigns } 1-0

[Event "ICC tourney 2412 (45 10)"]
[Site "Internet Chess Club"]
[Date "2021.02.27"]
[Round "1"]
[White "THOMAS, MICHAEL G:chesslin"]
[Black "SURESH, AKSHAT:AkshatSuresh"]
[Result "1-0"]
[ICCResult "Black checkmated"]
[WhiteElo "1949"]
[BlackElo "1691"]
[Opening "Queen's pawn: London system"]
[ECO "A45"]
[NIC "QP.07"]
[Time "11:03:10"]
[PlyCount "95"]
[TimeControl "2700+10"]

1. d4 Nf6 2. Bf4 e6 3. e3 d5 4. Nd2 b6 5. c3 Bd6 6. Bg3 O-O 7. Bd3 c5 8.
Ngf3 Nc6 9. Ne5 Bxe5 10. dxe5 Nd7 11. f4 f5 12. Nf3 c4 13. Bc2 Nc5 14. O-O
h6 15. Qe2 b5 16. Rfd1 Qb6 17. Bf2 Ne7 18. g4 fxg4 19. Nd4 h5 20. h3 Nf5
21. hxg4 hxg4 22. Qxg4 a6 23. Qg6 Qd8 24. Nxf5 exf5 25. Qc6 Nb7 26. Qxd5+
Qxd5 27. Rxd5 Be6 28. Rd4 g6 29. Bh4 Rf7 30. Kg2 Rd7 31. Bd1 Rxd4 32. exd4
Bd5+ 33. Bf3 Bxf3+ 34. Kxf3 Kf7 35. Bf6 Rg8 36. Rh1 Nd8 37. d5 Ke8 38. e6
Rf8 39. Bxd8 Kxd8 40. Rh7 Rf6 41. Rg7 Ke8 42. Ke3 a5 43. Kd4 a4 44. a3 Kf8
45. Ra7 Ke8 46. Ke5 Rf8 47. d6 g5 48. Ra8# { Black checkmated } 1-0

[Event "ICC tourney 2412 (45 10)"]
[Site "Internet Chess Club"]
[Date "2021.02.27"]
[Round "1"]
[White "ZHANG, SUNNY:AboardBuffalo"]
[Black "CHAMPSI, IMRAN:imranchamp"]
[Result "1-0"]
[ICCResult "Black checkmated"]
[WhiteElo "1656"]
[BlackElo "1852"]
[Opening "Sicilian: Pelikan (Lasker/Sveshnikov) variation"]
[ECO "B33"]
[NIC "SI.35"]
[Time "11:03:01"]
[PlyCount "111"]
[TimeControl "2700+10"]

1. e4 c5 2. Nf3 Nc6 3. d4 cxd4 4. Nxd4 Nf6 5. Nc3 e5 6. Ndb5 d6 7. Nd5 Nxd5
8. exd5 Ne7 9. c4 Nf5 10. Be2 a6 11. Nc3 g6 12. b3 Bg7 13. Bb2 O-O 14. O-O
Nd4 15. f4 exf4 16. Rxf4 Nxe2+ 17. Qxe2 Be5 18. Rff1 Qh4 19. g3 Qd4+ 20.
Qf2 Qxf2+ 21. Kxf2 f5 22. Na4 Bxb2 23. Nxb2 b5 24. Nd3 Bb7 25. Rab1 Rac8
26. Rfc1 Rf7 27. Nf4 Kg7 28. Ne6+ Kf6 29. Ke3 Re7 30. Kd4 b4 31. Rf1 a5 32.
g4 Ba6 33. gxf5 gxf5 34. Rb2 Rxe6 35. dxe6 Kxe6 36. Re2+ Kf6 37. Ref2 Rc5
38. Re1 a4 39. Rfe2 axb3 40. axb3 Rc6 41. Re6+ Kf7 42. Kd5 Bb7 43. Re7+ Kf6
44. Rxb7 Rc8 45. h4 f4 46. Rxb4 Kf5 47. Rb7 h5 48. Rg1 Rf8 49. Rg5+ Kf6 50.
Ke4 f3 51. Rf5+ Ke6 52. Rxf8 f2 53. Rxf2 d5+ 54. cxd5+ Kd6 55. Rf6+ Kc5 56.
Rc6# { Black checkmated } 1-0

[Event "ICC tourney 2412 (45 10)"]
[Site "Internet Chess Club"]
[Date "2021.02.27"]
[Round "1"]
[White "CHERUKURI, NITESH:Niteshc"]
[Black "POMPE, NIKO:kralj8"]
[Result "0-1"]
[ICCResult "White resigns"]
[WhiteElo "1690"]
[BlackElo "1917"]
[Opening "Two knights defense (Modern bishop's opening)"]
[ECO "C55"]
[NIC "IG.01"]
[Time "11:03:02"]
[PlyCount "63"]
[TimeControl "2700+10"]

1. e4 e5 2. Nf3 Nc6 3. Bc4 Nf6 4. d3 Be7 5. c3 O-O 6. O-O d6 7. h3 Na5 8.
Nbd2 h6 9. Bb3 Nxb3 10. axb3 Re8 11. Nc4 Bf8 12. Re1 g6 13. Qc2 b6 14. Nh2
Bb7 15. f4 exf4 16. Bxf4 d5 17. exd5 Nxd5 18. Qd2 Nxf4 19. Qxf4 Qd5 20. Nf3
Qxd3 21. Nce5 Qf5 22. Qc4 Bc5+ 23. Kh1 Bd6 24. Ng4 Rxe1+ 25. Rxe1 Qf4 26.
Nd4 Bxg2+ 27. Kxg2 Qg3+ 28. Kf1 Qxh3+ 29. Ke2 Re8+ 30. Kd2 Bf4+ 31. Kc2
Rxe1 32. Nf6+ { White resigns } 0-1

[Event "ICC tourney 2412 (45 10)"]
[Site "Internet Chess Club"]
[Date "2021.02.27"]
[Round "1"]
[White "SESHADRI, SRIDHAR:SridharCCA70"]
[Black "WANG, MAXWELL GEORG:MaxWang"]
[Result "1/2-1/2"]
[ICCResult "Game drawn by mutual agreement"]
[WhiteElo "1567"]
[BlackElo "1778"]
[Opening "English opening"]
[ECO "A17"]
[NIC "EO.64"]
[Time "11:03:02"]
[PlyCount "99"]
[TimeControl "2700+10"]

1. c4 e6 2. Nc3 Nf6 3. g3 d5 4. cxd5 exd5 5. Bg2 c5 6. d3 Be7 7. Nf3 O-O 8.
O-O Nc6 9. Bf4 a6 10. e4 dxe4 11. dxe4 Bg4 12. Qc1 Re8 13. Re1 Bf8 14. a3
Rc8 15. e5 Nd7 16. Ng5 h6 17. Nxf7 Kxf7 18. e6+ Bxe6 19. Rxe6 Rxe6 20. Bd5
Qe7 21. Qc2 Ke8 22. Ne4 Nf6 23. Bxe6 Qxe6 24. Nxc5 Bxc5 25. Qxc5 Kf7 26.
Qb6 Nd8 27. Qa5 Nd5 28. Re1 Qc6 29. Bd2 Qb5 30. Qxb5 axb5 31. Re5 Nc7 32.
Rf5+ Kg8 33. Bc3 Nde6 34. Re5 Rd8 35. f4 Rd5 36. Re2 Nd4 37. Re7 Nde6 38.
g4 Kf8 39. Bb4 Kg8 40. f5 Rd1+ 41. Kf2 Nd5 42. Rxe6 Nxb4 43. axb4 Rd2+ 44.
Ke3 Rxb2 45. Rb6 Rxb4 46. Rxb7 Rb2 47. h4 Rb3+ 48. Kf4 Rb4+ 49. Kf3 Rb3+
50. Kf4 { Game drawn by mutual agreement } 1/2-1/2

[Event "ICC tourney 2412 (45 10)"]
[Site "Internet Chess Club"]
[Date "2021.02.27"]
[Round "1"]
[White "ZHENG, CARISSA ANGELA:bg26723"]
[Black "MARTINEZ, ABRAHAM:Pugnacious"]
[Result "1-0"]
[ICCResult "Black resigns"]
[WhiteElo "1880"]
[BlackElo "1671"]
[Opening "Giuoco Piano"]
[ECO "C54"]
[NIC "IG.02"]
[Time "11:02:59"]
[PlyCount "81"]
[TimeControl "2700+10"]

1. e4 e5 2. Nf3 Nc6 3. Bc4 Bc5 4. c3 Nf6 5. d4 exd4 6. e5 d5 7. Bb5 Ne4 8.
cxd4 Bb6 9. h3 O-O 10. Nc3 Bf5 11. O-O a6 12. Ba4 Bg6 13. Be3 Bh5 14. Rc1
Ne7 15. Qd3 Bg6 16. Qe2 Bh5 17. Bc2 Nc6 18. Nxe4 dxe4 19. Bxe4 Bxf3 20.
Bxf3 Nxd4 21. Bxd4 Bxd4 22. Rfd1 c5 23. b4 Qb6 24. bxc5 Bxc5 25. Rb1 Qe6
26. Bd5 Qf5 27. Rxb7 Rae8 28. Re1 Kh8 29. Bf3 Bd6 30. Qxa6 Bxe5 31. Re4 Re6
32. Qe2 Rc8 33. Rb1 g6 34. Re1 Rce8 35. Qc4 h5 36. Qd3 g5 37. g4 hxg4 38.
Bxg4 Qg6 39. Bxe6 Rxe6 40. Qd8+ Kg7 41. Rxe5 { Black resigns } 1-0

[Event "ICC tourney 2412 (45 10)"]
[Site "Internet Chess Club"]
[Date "2021.02.27"]
[Round "1"]
[White "MUTHUKUMAR, AADITH:dabpacman"]
[Black "ZHENG, ALAN:AlanZ"]
[Result "0-1"]
[ICCResult "White checkmated"]
[WhiteElo "1458"]
[BlackElo "1718"]
[Opening "Sicilian: Grand Prix attack"]
[ECO "B23"]
[NIC "SI.44"]
[Time "11:03:05"]
[PlyCount "170"]
[TimeControl "2700+10"]

1. e4 c5 2. Nc3 Nc6 3. f4 g6 4. Nf3 Bg7 5. Bc4 d6 6. O-O Nf6 7. d3 Bg4 8.
Bb5 O-O 9. Bxc6 bxc6 10. h3 Bxf3 11. Qxf3 Qb6 12. Rb1 Nd7 13. Be3 Rab8 14.
Na4 Qb4 15. b3 Qa3 16. Rfc1 Qxa2 17. e5 dxe5 18. Ra1 e4 19. Rxa2 exf3 20.
g3 Bd4 21. Kf2 Rfe8 22. Bxd4 cxd4 23. Nb2 Rb7 24. Nc4 f6 25. Kxf3 Nb6 26.
Nxb6 axb6 27. c3 dxc3 28. Rxc3 c5 29. Rb2 Rc8 30. b4 Rbc7 31. bxc5 bxc5 32.
Rbc2 Kf7 33. d4 c4 34. d5 e6 35. d6 Rd7 36. Rxc4 Rxc4 37. Rxc4 Rxd6 38.
Rc7+ Kg8 39. Rc8+ Kg7 40. Rc7+ Kh6 41. Rc5 Rd7 42. Rc6 Re7 43. g4 f5 44.
g5+ Kg7 45. Ke3 h6 46. h4 hxg5 47. hxg5 e5 48. fxe5 Rxe5+ 49. Kf3 Re7 50.
Rc4 Rf7 51. Rb4 Kg8 52. Rh4 Rh7 53. Rd4 Rh3+ 54. Ke2 Rh5 55. Rd8+ Kf7 56.
Rd7+ Ke8 57. Rd6 Rxg5 58. Re6+ Kf7 59. Re3 Kf6 60. Rf3 Rg4 61. Kf2 Kg5 62.
Ke2 f4 63. Kf2 Kf5 64. Ke2 Rg2+ 65. Kf1 Rc2 66. Rb3 Rc5 67. Kf2 g5 68. Kg2
g4 69. Kf2 Rc2+ 70. Kf1 g3 71. Rb5+ Kg4 72. Rb7 Rc3 73. Rg7+ Kf3 74. Re7
Rc1+ 75. Re1 Rxe1+ 76. Kxe1 g2 77. Kd1 g1=Q+ 78. Kd2 Kg4 79. Ke2 f3+ 80.
Kd2 f2 81. Kc3 f1=Q 82. Kc2 Qgg2+ 83. Kc3 Qgf3+ 84. Kc2 Q3d3+ 85. Kb2 Qfb1#
{ White checkmated } 0-1

[Event "ICC tourney 2412 (45 10)"]
[Site "Internet Chess Club"]
[Date "2021.02.27"]
[Round "1"]
[White "STEINER, ADAMSON:poohfur"]
[Black "YADAV, ARJUN:arjunchesszero"]
[Result "1-0"]
[ICCResult "Black checkmated"]
[WhiteElo "1706"]
[BlackElo "1197"]
[Opening "Sicilian, Szén (`anti-Taimanov') variation"]
[ECO "B44"]
[NIC "SI.39"]
[Time "11:03:22"]
[PlyCount "69"]
[TimeControl "2700+10"]

1. e4 c5 2. Nf3 e6 3. d4 cxd4 4. Nxd4 Nc6 5. Nb5 d6 6. Bf4 e5 7. Be3 Nf6 8.
Bg5 h6 9. Bxf6 gxf6 10. N1c3 a6 11. Na3 b5 12. Nd5 Bb7 13. c3 Rc8 14. Qf3
Be7 15. Bd3 b4 16. Nc4 bxc3 17. bxc3 Na7 18. Nce3 Nb5 19. Rb1 Bxd5 20. Nxd5
Nc7 21. O-O Ne6 22. Bxa6 Ra8 23. Rb7 Rxa6 24. Rxe7+ Kf8 25. Qxf6 Rh7 26.
Rxe6 Qxf6 27. Rxf6 Kg7 28. f4 exf4 29. R1xf4 Rxa2 30. Rxf7+ Kh8 31. Rf8+
Kg7 32. R4f7+ Kg6 33. Nf4+ Kg5 34. Rg8+ Kh4 35. g3# { Black checkmated }
1-0

[Event "ICC tourney 2412 (45 10)"]
[Site "Internet Chess Club"]
[Date "2021.02.27"]
[Round "1"]
[White "ASCHERMAN, JEREMY:JeremyICC"]
[Black "GANBAATAR, AMARJARGAL:AmyMGL"]
[Result "0-1"]
[ICCResult "White checkmated"]
[WhiteElo "1676"]
[BlackElo "1900"]
[Opening "Queen's pawn: London system"]
[ECO "A45"]
[NIC "QP.07"]
[Time "11:03:04"]
[PlyCount "62"]
[TimeControl "2700+10"]

1. d4 Nf6 2. Bf4 e6 3. e3 d5 4. Bd3 c5 5. c3 cxd4 6. exd4 Bd6 7. Bg3 Nc6 8.
Nf3 Bxg3 9. hxg3 Bd7 10. Nbd2 h6 11. Ne5 Qc7 12. f4 Rf8 13. g4 Nxe5 14.
fxe5 Ng8 15. g5 O-O-O 16. gxh6 Nxh6 17. Qh5 f6 18. Nf3 Nf5 19. Bxf5 exf5
20. O-O-O Kb8 21. Qg6 Qa5 22. Kb1 f4 23. Qxg7 fxe5 24. Qxe5+ Ka8 25. Rh4
Bf5+ 26. Ka1 Bc2 27. Re1 Bb3 28. a3 Qa4 29. Rxf4 Rfe8 30. Qg5 Bc4 31. Rxe8
Qd1# { White checkmated } 0-1

[Event "ICC tourney 2412 (45 10)"]
[Site "Internet Chess Club"]
[Date "2021.02.27"]
[Round "1"]
[White "CHENG, CLAIRE:Clairehouses"]
[Black "CAREY, MICHAEL P:xyzchessdude"]
[Result "1/2-1/2"]
[ICCResult "Game drawn by mutual agreement"]
[WhiteElo "1697"]
[BlackElo "1987"]
[Opening "Old Benoni defense"]
[ECO "A43"]
[NIC "OI.09"]
[Time "11:03:03"]
[PlyCount "89"]
[TimeControl "2700+10"]

1. d4 c5 2. dxc5 Nf6 3. c4 e6 4. Nc3 Bxc5 5. Nf3 Nc6 6. e3 O-O 7. Bd3 d5 8.
O-O h6 9. b3 Qa5 10. Bb2 Ba3 11. Qd2 Bxb2 12. Qxb2 Nb4 13. Bb1 dxc4 14.
bxc4 Nc6 15. Ne4 Nxe4 16. Bxe4 Qc5 17. Rac1 a5 18. Rfd1 a4 19. Nd4 f5 20.
Bf3 Ne5 21. Be2 Ra6 22. Qc3 Rd6 23. Nb5 Rdd8 24. a3 Bd7 25. Rb1 Bc6 26. Nd4
Qe7 27. Nxc6 Nxc6 28. Bf3 Rxd1+ 29. Rxd1 Rd8 30. Rxd8+ Qxd8 31. Qc2 Qd6 32.
Qxa4 Ne5 33. Qe8+ Kh7 34. h3 Nxc4 35. Bh5 Ne5 36. f4 Qxa3 37. fxe5 Qxe3+
38. Kf1 Qf4+ 39. Bf3 Qxe5 40. Bh5 Qa1+ 41. Kf2 Qd4+ 42. Ke2 Qe4+ 43. Kd1
Qd4+ 44. Kc2 Qf2+ 45. Kd3 { Game drawn by mutual agreement } 1/2-1/2

[Event "ICC tourney 2412 (45 10)"]
[Site "Internet Chess Club"]
[Date "2021.02.27"]
[Round "1"]
[White "XIAO, JAMES:AJ2000"]
[Black "JAYAGANESH, PRANAV ESWAR:happyscientist"]
[Result "1-0"]
[ICCResult "Black resigns"]
[WhiteElo "1640"]
[BlackElo "1811"]
[Opening "Ruy Lopez: 5.O-O"]
[ECO "C78"]
[NIC "RL.12"]
[Time "11:03:13"]
[PlyCount "123"]
[TimeControl "2700+10"]

1. e4 e5 2. Nf3 Nc6 3. Bb5 a6 4. Ba4 Nf6 5. O-O b5 6. Bb3 Bc5 7. c3 d6 8.
a4 Rb8 9. d4 Bb6 10. a5 Ba7 11. Be3 O-O 12. Nbd2 h6 13. dxe5 Bxe3 14. exf6
Bxd2 15. fxg7 Kxg7 16. Qxd2 Qf6 17. Bd5 Bb7 18. Rfe1 Rfe8 19. Qd3 Qf4 20.
Nd2 Ne5 21. Qe3 Qxe3 22. Rxe3 Bxd5 23. exd5 Re7 24. Rae1 Rbe8 25. Nf3 Nxf3+
26. gxf3 Rxe3 27. Rxe3 Rxe3 28. fxe3 Kf6 29. Kf2 Ke5 30. e4 Kf4 31. b3 f5
32. exf5 Kxf5 33. Ke3 Ke5 34. c4 bxc4 35. bxc4 h5 36. f4+ Kf5 37. Kf3 Kf6
38. Ke4 h4 39. h3 Kg6 40. Ke3 Kf6 41. Ke4 Kg6 42. f5+ Kg5 43. f6 Kxf6 44.
Kf4 Kg6 45. Kg4 Kf6 46. Kxh4 Kf5 47. Kg3 Ke5 48. Kg4 Kd4 49. h4 Kxc4 50. h5
Kxd5 51. h6 c5 52. h7 c4 53. h8=Q Kc5 54. Qc3 d5 55. Kf4 d4 56. Qc2 Kb4 57.
Ke4 d3 58. Qb2+ Kxa5 59. Kd4 d2 60. Qxd2+ Kb5 61. Qb2+ Ka5 62. Kxc4 { Black
resigns } 1-0

[Event "ICC tourney 2412 (45 10)"]
[Site "Internet Chess Club"]
[Date "2021.02.27"]
[Round "1"]
[White "CHEN, JOCELYN:WCCJCS"]
[Black "PUPPALLA, PRANAY:checkmate1823"]
[Result "1-0"]
[ICCResult "Black forfeits on time"]
[WhiteElo "1803"]
[BlackElo "1631"]
[Opening "Caro-Kann: exchange variation"]
[ECO "B13"]
[NIC "CK.02"]
[Time "11:03:25"]
[PlyCount "87"]
[TimeControl "2700+10"]

1. e4 c6 2. d4 d5 3. exd5 cxd5 4. Nf3 Nc6 5. c3 Bg4 6. Be2 e6 7. Nbd2 Nf6
8. h3 Bf5 9. Nh4 Bg6 10. Nxg6 hxg6 11. Bb5 Bd6 12. O-O O-O 13. Bxc6 bxc6
14. Qa4 c5 15. dxc5 Bxc5 16. Nb3 Be7 17. Nd4 Qc7 18. Bg5 Ne4 19. Bxe7 Qxe7
20. Nf3 Rfc8 21. Qd4 Rab8 22. Rab1 Rc4 23. Qd3 Ra4 24. a3 Nc5 25. Qc2 Nb3
26. Nd2 Qb7 27. Nxb3 Qxb3 28. Rfc1 Qxc2 29. Rxc2 Rxa3 30. b4 Rc8 31. Rbc1
Rc4 32. Kf1 Kf8 33. Ke2 Ke7 34. Kd2 Kd6 35. Rb2 d4 36. cxd4 Rxc1 37. Kxc1
Kd5 38. Kc2 Kxd4 39. Rb3 Ra2+ 40. Rb2 Rxb2+ 41. Kxb2 Kc4 42. Ka3 Kb5 43.
Kb3 f5 44. f4 { Black forfeits on time } 1-0

[Event "ICC tourney 2412 (45 10)"]
[Site "Internet Chess Club"]
[Date "2021.02.27"]
[Round "1"]
[White "MATHIYAZHAGAN, ASHRITH:Kinawa"]
[Black "YU, AVERY:Averyyu321"]
[Result "1-0"]
[ICCResult "Black checkmated"]
[WhiteElo "1589"]
[BlackElo "1780"]
[Opening "Sicilian: dragon, Yugoslav attack"]
[ECO "B75"]
[NIC "SI.17"]
[Time "11:03:08"]
[PlyCount "87"]
[TimeControl "2700+10"]

1. e4 c5 2. Nf3 d6 3. d4 cxd4 4. Nxd4 Nf6 5. Nc3 g6 6. Be3 Bg7 7. f3 a6 8.
Bc4 b5 9. Bb3 Bb7 10. Qd2 Nbd7 11. g4 Rc8 12. h4 h5 13. gxh5 Nxh5 14. O-O-O
Ne5 15. Rdg1 Nc4 16. Bxc4 Rxc4 17. Nde2 Qa5 18. Kb1 b4 19. Nd5 Bxd5 20.
exd5 Kd7 21. Rg4 Rxg4 22. fxg4 Nf6 23. Qd4 Qxd5 24. Qa7+ Kc8 25. Qxa6+ Qb7
26. Qc4+ Kb8 27. Rg1 e6 28. g5 Nd5 29. Bf2 Rc8 30. Qb3 Rc6 31. Rg4 Kc8 32.
Nf4 Nxf4 33. Rxf4 Rb6 34. Qc4+ Kd7 35. Rxf7+ Kd8 36. Rxb7 Rxb7 37. Qxe6 Re7
38. Qxg6 Bd4 39. Qxd6+ Rd7 40. Qxd4 Ke8 41. Qxd7+ Kf8 42. Bd4 b3 43. axb3
Kg8 44. Qg7# { Black checkmated } 1-0

[Event "ICC tourney 2412 (45 10)"]
[Site "Internet Chess Club"]
[Date "2021.02.27"]
[Round "1"]
[White "LIU, JASON:jason54312"]
[Black "THATIPARTHI, VINEETHREDDY:Vinny773175"]
[Result "1/2-1/2"]
[ICCResult "Game drawn by mutual agreement"]
[WhiteElo "1528"]
[BlackElo "1763"]
[Opening "Sicilian defense"]
[ECO "B33"]
[NIC "SI.34"]
[Time "11:03:16"]
[PlyCount "94"]
[TimeControl "2700+10"]

1. e4 c5 2. Nf3 Nc6 3. d4 cxd4 4. Nxd4 Nf6 5. Nc3 e6 6. a3 a6 7. Be3 Be7 8.
Be2 O-O 9. O-O e5 10. Nf3 d6 11. Bc4 Be6 12. Qd3 Bxc4 13. Qxc4 Rc8 14. Qd3
Qd7 15. Nd2 Rfd8 16. Nc4 Rb8 17. Nb6 Qe6 18. Rad1 Nd7 19. Ncd5 Nc5 20. Qc4
Bf8 21. b4 Nd7 22. Qd3 Ne7 23. c4 Ng6 24. Nc7 Qg4 25. h3 Qh4 26. Ncd5 Nf4
27. Nxf4 exf4 28. Bd4 Ne5 29. Bxe5 dxe5 30. Qc3 Qe7 31. c5 f6 32. Nd5 Qf7
33. Rd2 Rd7 34. Nb6 Rxd2 35. Qxd2 f3 36. gxf3 Be7 37. Qd5 Rd8 38. Qxf7+
Kxf7 39. Nd5 g6 40. Rc1 Rc8 41. Kf1 Ke6 42. Ke2 Bf8 43. Kd3 f5 44. Kc4 Rc6
45. Kb3 Kd7 46. Rd1 Ke6 47. Rd3 h6 { Game drawn by mutual agreement }
1/2-1/2